Map: Green Acres

Players

PUNCHAW

  • Race: Terran Terran
  • League: Platinum
  • Spawn Location: 3:00

Pathar

  • Race: Terran Terran
  • Spawn Location: 1:00

ForceForce

  • Race: Terran Terran
  • League: Gold
  • Spawn Location: 12:00

Reynor - Winner!

  • Race: Protoss Protoss
  • Spawn Location: 6:00

zpol - Winner!

  • Race: Terran Terran
  • Spawn Location: 7:00

IIIIIIIIIIII - Winner!

  • Race: Terran Terran
  • Spawn Location: 9:00

VOD

Have the link to the VOD?

Description

Time

  • Played on: March 27, 2017, 3:43 p.m.
  • Length: 16:53
Show
View Real Time Build Order
Export as new Build Order

PUNCHAW Terran 

Build Orders:  

Get SALT Encoding   

  12  0:01  SCV  
  13  0:13  SCV  
  14  0:25  SCV  
  15  0:31  Supply Depot  
  15  0:48  Refinery  
  15  0:53  SCV  
  15  0:54  Barracks  
  16  1:05  SCV  
  16  1:08  Supply Depot  
  17  1:17  SCV  
  18  1:29  SCV  
  20  1:48  Orbital Command  
  20  1:52  Factory  
  19  1:56  Refinery  
  19  2:06  Marine  
  21  2:15  SCV  
  21  2:23  Marine  
  21  2:24  Bunker  
  21  2:27  SCV  
  23  2:32  Supply Depot  
  23  2:38  Factory Tech Lab  
  23  2:39  Supply Depot, SCV  
  23  2:41  Marine  
  25  2:52  SCV  
  25  2:57  Siege Tank  
  29  2:59  Marine  
  29  3:02  Supply Depot  
  29  3:04  SCV  
  31  3:13  Engineering Bay  
  31  3:16  SCV  
  31  3:17  Marine  
  33  3:35  Marine  
  33  3:39  Siege Tank  
  33  3:53  Marine  
  30  3:56  SCV  
  31  4:10  Barracks, Marine  
  31  4:12  Barracks  
  31  4:13  Starport  
  27  4:28  Marine  
  16  4:41  Siege Tank  
  13  4:46  Marine  
  14  4:53  SCV  
  15  5:01  Barracks  
  15  5:05  Barracks, SCV  
  17  5:07  Missile Turret  
  17  5:15  Barracks Tech Lab  
  17  5:17  SCV  
  17  5:28  Siege Tank  
  20  5:29  SCV  
  21  5:42  SCV  
  22  5:55  Command Center  
  22  5:57  Marine  
  22  5:58  SCV  
  24  6:11  Marine, SCV  
  25  6:15  Marine  
  27  6:23  SCV  
  28  6:35  Command Center  
  28  6:40  SCV  
  29  6:47  Stimpack  
  29  6:52  Bunker  
  29  6:55  SCV  
  30  7:02  Marine  
  30  7:05  Marine  
  32  7:10  SCV  
  33  7:21  Orbital Command  
  33  7:28  Missile Turret  
  33  7:32  SCV  
  33  7:34  Marine  
  35  7:42  Medivac  
  37  7:46  Marine  
  37  7:47  SCV  
  39  7:52  Marine, SCV  
  41  8:03  Orbital Command  
  41  8:04  Marine  
  42  8:13  Marine  
  42  8:16  Barracks  
  43  8:22  Refinery, Marine  
  43  8:26  SCV  
  45  8:28  SCV  
  45  8:31  Marine  
  47  8:39  Marine  
  48  8:43  Medivac  
  48  8:44  SCV  
  51  8:49  Marine  
  52  8:57  Marine  
  52  8:58  SCV  
  54  9:06  Marine  
  55  9:11  Marine  
  55  9:13  Siege Tank  
  55  9:15  Marine  
  60  9:24  Marine  
  60  9:29  Medivac, Marine  
  64  9:33  Marine  
  57  9:40  SCV  
  57  9:42  Marine  
  57  9:45  SCV  
  61  9:47  Marine  
  61  9:51  Marine  
  61  9:52  Barracks  
  63  9:54  Barracks  
  63  9:55  Engineering Bay  
  63  9:57  Engineering Bay  
  62  10:07  Sensor Tower  
  62  10:10  Orbital Command  
  62  10:12  Refinery, Missile Turret  
  62  10:18  Marine x2  
  62  10:19  SCV  
  65  10:23  SCV  
  66  10:32  Missile Turret  
  66  10:39  Marine  
  66  10:40  Marine x2  
  69  10:44  SCV  
  51  10:57  Marine, SCV  
  51  10:58  Siege Tank, Marine x2  
  51  11:00  SCV  
  51  11:02  Starport Reactor  
  59  11:09  SCV  
  60  11:12  SCV  
  60  11:15  Marine  
  62  11:25  Marine  
  62  11:27  Marine  
  62  11:31  Missile Turret  
  61  11:33  Missile Turret  
  61  11:35  Missile Turret  
  61  11:37  Missile Turret, Marine  
  62  11:43  Marine  
  62  11:45  Marine  
  48  11:55  Marine  
  48  11:56  Viking x2  
  53  12:01  Marine  
  53  12:03  Marine  
  55  12:11  SCV x2  
  57  12:16  Missile Turret  
  57  12:23  SCV  
  57  12:26  Viking x2  
  62  12:41  Starport  
  62  12:43  Starport  
  62  12:56  Missile Turret  
  62  12:58  Missile Turret  
  62  13:10  Missile Turret  
  62  13:21  Marine x3  
  62  13:25  Siege Tank  
  51  13:30  Missile Turret  
  51  13:31  SCV  
  51  13:32  SCV  
  53  13:38  Marine  
  53  13:39  Marine x2  
  56  13:43  Missile Turret  
  56  13:48  Starport Tech Lab  
  56  13:56  Marine  
  56  14:00  Marine  
  56  14:01  Marine, SCV  
  58  14:32  Marine x4  
  62  14:50  Marine, SCV  
  59  14:58  Missile Turret  
  54  15:00  Missile Turret  
Show
View Real Time Build Order
Export as new Build Order

Pathar Terran 

Build Orders:  

Get SALT Encoding   

  12  0:01  SCV  
  13  0:13  SCV  
  14  0:19  Supply Depot  
  14  0:25  SCV  
  15  0:41  SCV  
  15  0:42  Barracks  
  16  0:53  SCV  
  17  1:05  Refinery, SCV  
  18  1:17  SCV  
  19  1:39  Orbital Command  
  19  1:44  Refinery  
  19  1:50  Command Center  
  19  2:13  Barracks Reactor, Bunker  
  19  2:25  SCV  
  20  2:30  Factory  
  20  2:37  SCV  
  21  2:50  Reaper  
  21  2:51  Reaper  
  22  3:08  Barracks  
  22  3:11  Barracks  
  22  3:12  Barracks  
  22  3:16  Factory Reactor, SCV  
  23  3:24  Supply Depot  
  23  3:25  Supply Depot  
  23  3:28  SCV  
  23  3:55  Cyclone x2  
  26  4:04  Orbital Command  
  22  4:27  Cyclone  
  25  4:36  SCV  
  26  4:48  SCV  
  27  5:00  SCV  
  28  5:12  Widow Mine, SCV  
  31  5:19  Command Center  
  31  5:24  SCV  
  31  5:26  Supply Depot  
  32  5:36  SCV  
  29  6:00  SCV  
  30  6:12  SCV  
  30  6:16  Widow Mine x2  
  35  6:22  Refinery  
  35  6:24  SCV  
  34  6:35  Orbital Command  
  34  6:48  Refinery  
  34  6:52  Starport  
  34  7:02  Barracks  
  34  7:04  SCV x2  
  34  7:05  Barracks Tech Lab  
  36  7:19  Engineering Bay  
  36  7:20  SCV x2  
  38  7:27  Stimpack  
  38  7:30  Starport Reactor  
  38  7:32  SCV  
  39  7:41  Barracks, SCV  
  40  7:49  Terran Infantry Weapons Level 1  
  40  7:52  Barracks Tech Lab  
  40  7:57  Barracks  
  40  8:02  Marine  
  41  8:12  Medivac x2  
  45  8:19  Marine  
  46  8:27  Marine  
  46  8:28  Marine  
  46  8:33  SCV  
  46  8:34  SCV  
  48  8:37  Marine  
  49  8:42  Medivac x2  
  49  8:45  Marine  
  49  8:46  Marine  
  55  8:51  SCV x2  
  55  8:55  Combat Shields  
  57  8:56  Barracks Reactor  
  57  8:59  Marine  
  58  9:03  SCV  
  58  9:08  Marine  
  58  9:09  Marine  
  61  9:10  SCV  
  61  9:12  Viking  
  61  9:15  SCV  
  65  9:17  Marine  
  66  9:26  Marine x2  
  68  9:35  Marine  
  69  9:44  Marine x2  
  71  9:46  Terran Infantry Armor Level 1, Marine  
  71  9:47  Marine  
  73  9:53  Marine  
  73  9:56  Supply Depot x2  
  73  9:58  Supply Depot  
  74  10:02  Marine x2  
  74  10:04  Marine x2  
  78  10:17  Viking, Marine  
  78  10:20  Marauder, Marine  
  84  10:23  Command Center, Marine  
  84  10:24  Marine  
  86  10:35  Marine  
  87  10:37  Marine  
  87  10:41  Marine x2  
  87  10:42  Marine  
  90  10:49  Viking  
  83  10:50  Viking  
  83  10:52  Marine  
  83  10:55  Marine  
  79  10:59  Marine x3  
  82  11:10  Marine  
  82  11:13  Marine  
  82  11:17  Marine x3, SCV x2  
  88  11:27  Factory  
  88  11:28  Marine  
  88  11:29  Factory, SCV  
  88  11:31  Marine  
  88  11:32  Viking x2  
  93  11:34  Marine  
  93  11:35  Marine x2  
  93  11:37  SCV  
  99  11:41  SCV  
  99  11:46  Marine  
  101  11:49  Marine  
  101  11:52  Marine  
  101  11:53  Marauder, Marine  
  106  12:04  Marine  
  106  12:07  Marine  
  106  12:08  Widow Mine  
  110  12:18  Widow Mine, Marine x3  
  110  12:22  Marauder  
  107  12:25  Marine  
  108  12:36  Marine x2  
  110  12:38  Factory Tech Lab x2  
  110  12:42  Supply Depot  
  110  12:43  Supply Depot  
  110  12:53  Supply Depot  
  110  12:55  Supply Depot  
  110  12:57  Supply Depot  
  110  13:03  Marauder, Siege Tank x2  
  120  13:05  Marauder  
  120  13:12  Supply Depot x2  
  58  13:22  Marine  
  58  13:23  Marine x2  
  58  13:24  Marine  
  58  13:26  Marine  
  55  13:35  Siege Tank  
  55  13:40  Marine x2  
  60  13:41  Medivac x2  
  64  13:50  Armory  
  64  13:57  Concussive Shells  
  64  14:11  Medivac  
  66  14:17  Medivac  
  68  14:32  Marine x2  
  76  14:41  Medivac  
  73  14:56  Marine x5  
  73  14:57  Viking  
  77  15:11  Viking  
  77  15:13  Marine  
  75  15:14  Marine x4  
  53  15:31  Marine  
Show
View Real Time Build Order
Export as new Build Order

ForceForce Terran 

Build Orders:  

Get SALT Encoding   

  12  0:02  SCV  
  13  0:16  Supply Depot  
  13  0:32  Refinery  
  13  0:43  Barracks  
  13  0:49  SCV  
  14  0:50  Engineering Bay  
  14  1:03  SCV  
  15  1:15  Barracks  
  15  1:17  SCV  
  16  1:29  SCV  
  17  1:36  Missile Turret  
  17  1:43  Marine  
  18  2:01  Marine  
  19  2:14  Marine  
  20  2:16  Bunker  
  20  2:20  Planetary Fortress  
  20  2:23  Marine  
  21  2:32  Marine  
  22  2:41  Marine  
  23  2:51  Supply Depot  
  23  3:12  Marine x2, SCV  
  21  3:24  SCV  
  22  3:30  Marine  
  23  3:36  SCV  
  24  3:48  SCV  
  25  3:54  Factory  
  21  4:18  Marine x2  
  23  4:31  Supply Depot  
  23  4:36  Marine  
  23  4:37  Marine  
  25  4:40  Factory Tech Lab  
  25  4:53  Supply Depot  
  25  4:54  Marine  
  26  5:01  Marine  
  26  5:05  Siege Tank  
  30  5:12  Marine  
  31  5:19  Marine  
  32  5:22  Starport, Supply Depot  
  32  5:29  Marine  
  32  5:32  Refinery  
  33  5:37  Siege Tank, Marine  
  36  5:47  Marine  
  34  5:54  Marine  
  35  6:02  Supply Depot  
  35  6:04  Starport Tech Lab  
  35  6:05  Marine  
  35  6:09  Siege Tank  
  39  6:12  Marine  
  39  6:15  SCV  
  41  6:23  Marine  
  42  6:27  SCV  
  42  6:30  Marine  
  44  6:34  Banshee  
  44  6:39  SCV  
  48  6:55  Command Center, Marine  
  48  6:59  Barracks Tech Lab  
  49  7:04  Supply Depot  
  49  7:10  Siege Tank  
  49  7:12  Marine  
  53  7:20  Supply Depot  
  53  7:27  Supply Depot  
  53  7:28  Marine  
  54  7:30  Marine  
  54  7:34  SCV  
  56  7:44  Cloaking Field  
  56  7:46  Marine  
  57  8:01  SCV  
  57  8:02  Marine  
  57  8:04  Marine  
  60  8:13  SCV  
  60  8:19  Marine  
  61  8:22  Marine  
  61  8:25  SCV  
  64  8:29  Supply Depot  
  64  8:32  Banshee  
  67  8:35  Supply Depot  
  67  8:38  Reaper  
  67  8:40  Marauder  
  70  8:48  SCV  
  71  9:01  Marine  
  72  9:09  Marine  
  73  9:19  Marine  
  71  9:37  Marauder  
  73  9:51  Marine  
  74  9:53  Widow Mine  
  74  9:58  Marine  
  77  10:09  Marine  
  78  10:16  Marine  
  78  10:19  Planetary Fortress  
  79  10:22  Siege Tank  
  79  10:27  Marine  
  83  10:33  Marine  
  84  10:54  Siege Tank  
  77  11:09  Marine  
  77  11:10  Marine  
  79  11:26  Siege Tank  
  79  11:27  Marine x2  
  84  11:38  Terran Infantry Weapons Level 1  
  84  11:45  Marine  
  84  11:46  Marauder  
  87  11:58  Siege Tank  
  90  12:03  Marine  
  90  12:07  Marine  
  77  12:21  Marine  
  78  12:24  Marine  
  79  12:38  Marine  
  79  12:42  Marine, SCV  
  82  12:54  SCV  
  82  12:56  Marine  
  84  13:01  Marauder  
  86  13:14  Marine  
  87  13:22  Marauder  
  84  13:27  Medivac  
  77  13:57  Medivac  
  77  13:58  Marine x2  
  58  14:34  SCV  
  54  14:46  SCV  
  49  15:00  Marine x2  
  48  15:09  SCV  
  43  15:17  Marine  
  43  15:18  Marine  
  45  15:35  Marine x2  
  47  15:53  Marine x2  
  46  16:09  SCV  
  46  16:11  Marine x2  
  42  16:21  SCV  
Show
View Real Time Build Order
Export as new Build Order

Reynor Protoss - Winner!

Build Orders:  

Get SALT Encoding   

  12  0:10  Pylon  
  12  0:14  Probe (Chrono Boost)  
  13  0:25  Assimilator  
  13  0:37  Gateway  
  13  0:39  Probe (Chrono Boost)  
  14  1:01  Probe (Chrono Boost)  
  15  1:11  Probe (Chrono Boost)  
  15  1:15  Assimilator  
  16  1:21  Forge  
  16  1:24  Pylon  
  16  1:32  Cybernetics Core  
  16  1:49  Probe (Chrono Boost)  
  17  1:59  Probe (Chrono Boost)  
  18  2:10  Probe (Chrono Boost)  
  18  2:13  Stargate  
  19  2:21  Mothership Core (Chrono Boost)  
  21  2:23  Pylon  
  21  2:41  Probe (Chrono Boost)  
  23  2:51  Probe (Chrono Boost)  
  23  2:52  Void Ray  
  27  3:05  Protoss Shields Level 1  
  27  3:30  Probe (Chrono Boost)  
  27  3:33  Void Ray  
  33  3:42  Probe (Chrono Boost)  
  33  3:57  Nexus  
  33  4:36  Void Ray  
  37  4:48  Pylon  
  37  4:50  Pylon  
  37  4:52  Pylon  
  37  4:56  Pylon  
  37  5:04  Fleet Beacon  
  37  5:13  Probe (Chrono Boost)  
  38  5:23  Assimilator  
  38  5:24  Probe (Chrono Boost)  
  39  5:29  Protoss Air Weapons Level 1  
  39  5:34  Probe (Chrono Boost)  
  40  5:44  Stargate  
  40  5:45  Probe (Chrono Boost)  
  41  5:53  Stargate  
  41  6:03  Assimilator  
  41  6:05  Probe (Chrono Boost)  
  42  6:14  Carrier  
  42  6:16  Probe (Chrono Boost)  
  43  6:27  Probe (Chrono Boost)  
  50  6:37  Probe (Chrono Boost)  
  51  6:48  Probe (Chrono Boost)  
  52  6:58  Probe (Chrono Boost)  
  53  7:09  Probe (Chrono Boost), Carrier  
  60  7:19  Probe (Chrono Boost)  
  61  7:29  Carrier  
  62  7:30  Protoss Air Weapons Level 2, Probe (Chrono Boost)  
  62  7:35  Graviton Catapult  
  74  8:41  Nexus  
  74  8:44  Assimilator  
  74  8:46  Assimilator  
  74  8:55  Carrier  
  74  9:01  Carrier  
  86  9:08  Pylon  
  86  9:11  Pylon  
  86  9:13  Pylon  
  86  9:19  Pylon  
  86  9:20  Pylon  
  86  9:28  Probe (Chrono Boost)  
  87  10:17  Carrier  
  87  10:21  Carrier  
  93  10:27  Carrier  
  105  11:16  Protoss Air Weapons Level 3  
  105  11:42  Carrier  
  105  11:45  Carrier  
  111  11:53  Carrier  
  123  12:46  Twilight Council  
  123  12:57  Carrier  
  123  13:00  Carrier  
  135  13:36  Carrier  
  141  13:43  Protoss Air Armor Level 1, Pylon  
  141  13:45  Pylon  
  141  13:49  Pylon  
  141  13:53  Pylon  
  141  13:55  Pylon  
Show
View Real Time Build Order
Export as new Build Order

zpol Terran - Winner!

Build Orders: Bio Tank 

Get SALT Encoding   

  12  0:01  SCV  
  13  0:13  SCV  
  14  0:19  Supply Depot  
  14  0:25  SCV  
  15  0:41  SCV  
  16  0:48  Barracks  
  16  0:53  Refinery  
  16  0:54  SCV  
  17  1:06  SCV  
  18  1:18  SCV  
  19  1:36  Orbital Command  
  19  1:41  Barracks Reactor  
  19  1:48  Command Center  
  19  1:58  Refinery  
  19  2:01  Supply Depot  
  19  2:19  Marine x2  
  21  2:26  Factory  
  21  2:43  Marine x2, SCV  
  24  2:55  SCV  
  25  3:01  Marine x2  
  25  3:04  Bunker  
  25  3:05  Orbital Command  
  27  3:07  SCV  
  27  3:11  Factory Tech Lab  
  28  3:17  Starport  
  28  3:26  SCV  
  29  3:31  Siege Tank, Barracks Tech Lab  
  29  3:33  SCV  
  33  3:42  Barracks  
  33  3:51  Barracks  
  33  3:53  Stimpack  
  33  3:55  Starport Reactor  
  33  3:56  SCV  
  33  4:00  SCV  
  35  4:08  SCV  
  36  4:12  SCV  
  36  4:14  Siege Tank  
  40  4:19  Engineering Bay  
  40  4:22  Engineering Bay  
  40  4:29  SCV x2  
  42  4:34  Supply Depot  
  42  4:41  Barracks Tech Lab, SCV  
  42  4:42  Supply Depot, Barracks Reactor  
  43  4:51  SCV  
  44  4:53  Terran Infantry Weapons Level 1, SCV  
  44  4:57  Terran Infantry Armor Level 1  
  45  5:03  SCV  
  45  5:05  Missile Turret, SCV  
  47  5:15  SCV  
  47  5:17  SCV  
  49  5:23  Command Center  
  49  5:29  Missile Turret, SCV  
  49  5:30  SCV  
  49  5:34  Armory  
  51  5:41  Refinery, SCV  
  51  5:42  Refinery, Siege Tank, SCV  
  56  5:49  Marine x4  
  60  5:51  Marine  
  60  5:53  SCV  
  62  6:02  Supply Depot  
  62  6:03  Supply Depot  
  62  6:18  Supply Depot  
  62  6:19  Supply Depot  
  62  6:23  Medivac, Marine x4, SCV x2  
  62  6:24  Medivac, Marine  
  73  6:26  Terran Vehicle And Ship Armor Level 1  
  73  6:36  SCV  
  74  6:44  Marine x4  
  74  6:45  Marine  
  79  6:49  SCV x2  
  81  7:02  Marine  
  81  7:04  Medivac  
  81  7:05  Medivac  
  81  7:08  Missile Turret  
  89  7:09  Terran Infantry Weapons Level 2, Terran Infantry Armor Level 2  
  89  7:10  SCV x2  
  88  7:19  Combat Shields  
  88  7:20  Supply Depot x2  
  88  7:21  Supply Depot, Barracks  
  88  7:24  Barracks  
  88  7:31  Missile Turret  
  88  7:32  SCV x2, Orbital Command  
  88  7:35  Missile Turret  
  90  7:41  Siege Tank  
  90  7:42  Marine x2  
  90  7:43  Marine x2  
  98  7:44  SCV x2  
  99  7:56  SCV x2  
  101  8:01  Missile Turret  
  101  8:03  Missile Turret  
  101  8:04  Missile Turret  
  101  8:06  Supply Depot  
  101  8:07  Supply Depot  
  101  8:08  SCV  
  101  8:10  Missile Turret  
  102  8:16  Viking x2  
  102  8:18  Barracks Reactor x2, Marine  
  102  8:19  Marine x3  
  109  8:34  Marine  
  109  8:36  Marine x2, Siege Tank  
  109  8:37  Marine x2  
  116  8:50  Terran Vehicle And Ship Armor Level 2  
  116  8:55  Armory  
  116  8:58  SCV x3  
  116  8:59  Barracks  
  116  9:01  Barracks, Command Center  
  119  9:05  Refinery  
  119  9:07  Refinery  
  119  9:08  Siege Tank  
  121  9:10  SCV x3  
  124  9:22  Missile Turret  
  124  9:27  Missile Turret  
  124  9:36  Marine x5  
  125  9:41  Siege Tank  
  128  9:46  Terran Infantry Weapons Level 3, Terran Infantry Armor Level 3  
  128  9:55  Missile Turret, SCV x3  
  131  10:07  SCV x3  
  131  10:13  Barracks Reactor x2  
  134  10:16  Factory  
  134  10:21  Siege Tank  
  137  10:29  Supply Depot  
  137  10:30  Supply Depot, Marine  
  137  10:31  Marine x8  
  137  10:32  Supply Depot  
  145  10:45  SCV x2  
  145  10:48  Marine  
  145  10:49  Marine x8  
  152  11:03  Orbital Command  
  144  11:08  Marine x2  
  144  11:09  Marine x3  
  149  11:15  Marine x5  
  147  11:26  Marine x3  
  147  11:27  Siege Tank, Marine  
  154  11:33  Command Center  
  154  11:34  Marine x2  
  154  11:35  Terran Vehicle And Ship Armor Level 3, Terran Vehicle Weapons Level 1  
  154  11:36  Factory Tech Lab  
  156  11:59  Siege Tank  
  156  12:00  Marine  
  156  12:01  Marine x12  
  171  12:18  Marine  
  171  12:19  Marine  
  173  12:34  Missile Turret  
  173  12:35  Missile Turret  
  173  12:37  Command Center, Missile Turret  
  173  12:45  Viking x2, Siege Tank, Marine x8  
  173  12:46  Starport  
  173  12:47  Starport  
  188  13:16  Marine x2  
  188  13:19  Marine x9  
  181  13:20  Marine x2  
  181  13:21  Siege Tank  
  181  13:23  Siege Tank  
  178  13:28  Medivac x2  
  174  13:40  Marine x2  
  174  13:41  Marine x8  
  178  13:42  Marine  
  185  13:50  Starport Reactor  
  185  13:51  Starport Reactor  
  185  13:53  Widow Mine  
  185  13:54  Widow Mine  
  189  13:56  Orbital Command  
  189  13:58  Medivac x2  
  193  14:11  Missile Turret  
  193  14:21  Widow Mine  
  193  14:23  Widow Mine  
  195  14:26  Medivac x2  
  172  15:19  Marine x7  
  177  15:37  Planetary Fortress  
  177  15:42  Refinery  
  177  15:43  Refinery  
  177  16:02  Marine  
  177  16:03  Marine x12  
  190  16:07  Missile Turret  
  190  16:10  Missile Turret  
  190  16:11  Missile Turret x2  
  190  16:13  Missile Turret x3  
  190  16:20  Marine  
  190  16:21  Marine x3  
  194  16:29  Missile Turret  
Show
View Real Time Build Order
Export as new Build Order

IIIIIIIIIIII Terran - Winner!

Build Orders:  

Get SALT Encoding   

  12  0:02  SCV  
  13  0:14  SCV  
  13  0:18  Supply Depot  
  14  0:26  SCV  
  15  0:40  SCV  
  15  0:41  Barracks  
  16  0:52  SCV  
  17  0:59  Barracks  
  17  1:09  Barracks  
  17  1:23  Barracks  
  17  1:30  Barracks  
  17  1:38  Marine  
  18  1:44  Orbital Command  
  18  1:56  Marine  
  18  1:57  Supply Depot  
  19  2:03  Marine  
  20  2:08  Marine  
  21  2:17  Marine  
  21  2:20  Supply Depot  
  21  2:21  Marine  
  21  2:22  Marine  
  24  2:26  Marine  
  24  2:27  Marine  
  26  2:34  Marine  
  27  2:38  Marine  
  27  2:40  Marine  
  27  2:43  Supply Depot  
  29  2:44  Marine  
  29  2:47  Marine  
  31  2:52  Marine  
  31  2:56  Marine  
  33  2:58  Marine  
  33  3:02  Marine  
  33  3:05  Marine  
  36  3:06  Supply Depot  
  36  3:10  Marine  
  37  3:14  Marine  
  37  3:16  Marine  
  38  3:20  Marine  
  38  3:23  Marine  
  40  3:28  Marine  
  40  3:32  Marine  
  42  3:34  Marine  
  42  3:37  Marine  
  42  3:40  Marine  
  45  3:44  Supply Depot  
  45  3:46  Marine  
  44  3:50  Marine  
  44  3:52  Marine  
  44  3:55  Marine  
  44  3:58  Marine  
  46  4:04  Marine  
  46  4:07  Marine  
  46  4:09  Marine  
  46  4:13  Marine  
  46  4:16  Marine  
  49  4:21  Marine  
  44  4:25  Marine  
  44  4:27  Marine  
  44  4:31  Marine  
  45  4:34  Marine  
  46  4:39  Marine  
  46  4:43  Marine  
  46  4:45  Marine  
  44  4:49  Marine  
  44  4:52  Marine  
  40  4:57  Marine  
  36  5:01  Marine  
  36  5:03  Marine  
  36  5:06  Marine  
  39  5:07  SCV  
  39  5:08  Command Center  
  39  5:09  Marine  
  41  5:15  Marine  
  41  5:19  Marine  
  41  5:21  Marine  
  43  5:22  SCV  
  43  5:24  Marine  
  43  5:27  Marine  
  47  5:33  Marine  
  47  5:34  SCV  
  49  5:36  Marine  
  49  5:39  Marine  
  49  5:42  Marine  
  47  5:45  Marine  
  36  5:51  Marine  
  36  5:54  Marine  
  36  5:55  SCV  
  36  5:56  Marine  
  39  6:00  Marine  
  39  6:03  Marine  
  39  6:08  SCV  
  39  6:09  Marine  
  41  6:12  Marine  
  41  6:14  Marine  
  41  6:18  Marine  
  44  6:21  Marine, SCV  
  44  6:23  Orbital Command  
  45  6:27  Marine  
  45  6:30  Marine  
  45  6:32  Marine  
  48  6:33  SCV  
  48  6:35  Marine  
  51  6:45  Refinery, Orbital Command  
  52  6:50  Refinery  
  50  7:05  SCV  
  51  7:09  Command Center  
  51  7:11  SCV  
  51  7:14  Marine x2  
  54  7:17  Barracks Tech Lab, SCV  
  55  7:23  SCV  
  55  7:25  Barracks Tech Lab  
  55  7:29  SCV  
  57  7:32  Marine  
  57  7:35  SCV  
  57  7:36  Marine  
  60  7:40  Marine  
  61  7:45  Stimpack  
  61  7:49  SCV  
  61  7:50  SCV  
  63  7:52  Marine  
  63  7:54  Marine  
  65  7:59  Marine x2  
  65  8:03  Marine  
  64  8:10  Marine  
  64  8:12  Marine  
  66  8:16  Engineering Bay, Marine  
  66  8:17  Marine  
  68  8:21  Marine  
  68  8:22  Orbital Command  
  68  8:25  Combat Shields  
  69  8:28  Marine  
  69  8:29  Marine  
  71  8:38  Marine  
  71  8:39  Factory  
  72  8:41  Marine  
  72  8:45  Marine  
  72  8:46  Marine  
  72  8:48  Marine  
  76  8:52  Terran Infantry Weapons Level 1  
  76  8:57  Missile Turret  
  76  9:03  Missile Turret  
  76  9:04  Marine  
  77  9:16  SCV x2  
  80  9:17  SCV  
  80  9:24  Refinery  
  80  9:26  Starport, Refinery  
  80  9:28  Factory Reactor  
  80  9:32  SCV x2  
  81  9:44  SCV x2, Concussive Shells  
  83  9:46  Orbital Command  
  83  9:52  Armory  
  83  9:56  Engineering Bay  
  83  9:57  SCV x2  
  85  10:10  Factory  
  85  10:12  Factory Tech Lab  
  85  10:13  Missile Turret  
  85  10:15  Barracks Reactor  
  85  10:19  Barracks Reactor  
  86  10:21  SCV x2  
  86  10:26  Orbital Command  
  84  10:28  Marine  
  84  10:29  Medivac, Marine  
  84  10:30  Medivac  
  84  10:31  Barracks Reactor  
  84  10:33  SCV x2  
  84  10:35  Missile Turret  
  92  10:46  SCV x2  
  92  10:55  Marine, Orbital Command  
  93  10:59  Factory Tech Lab  
  93  11:04  Terran Infantry Armor Level 1  
  93  11:09  Supply Depot  
  93  11:11  Supply Depot  
  93  11:13  Supply Depot  
  93  11:14  Supply Depot  
  93  11:18  Terran Infantry Weapons Level 2  
  93  11:25  Terran Vehicle Weapons Level 1  
  93  11:30  Missile Turret, Marine x5  
  93  11:31  SCV x3  
  101  11:33  Siege Tank  
  101  11:37  Marine  
  101  11:38  Marine x2  
  106  11:43  SCV x3  
  95  11:47  Siege Tank  
  95  11:48  Marine x3  
  95  11:52  Marine  
  95  11:53  Marine  
  79  11:55  Marine  
  79  11:57  SCV x3  
  83  12:02  Marine  
  83  12:03  Marine  
  83  12:06  Marine x3  
  88  12:10  Siege Tank, Marine  
  88  12:11  Marine  
  88  12:15  Marine  
  94  12:18  SCV x3  
  94  12:19  Siege Tank  
  94  12:22  Refinery  
  100  12:24  Refinery  
  100  12:28  Marine  
  100  12:29  Marine  
  102  12:30  Marine  
  102  12:31  Marine  
  102  12:33  Medivac x2  
  102  12:34  Marine x2  
  102  12:35  Marine  
  111  12:39  Supply Depot  
  111  12:40  Marine  
  111  12:41  Supply Depot  
  112  12:46  Marine  
  112  12:48  Marine  
  112  12:49  Missile Turret, Marine  
  115  12:51  Missile Turret  
  115  12:53  Siege Tank  
  115  12:54  Marine  
  115  12:57  Marine  
  115  12:58  Marine x2  
  122  13:01  Siege Tank  
  122  13:03  Marine  
  126  13:06  Terran Infantry Armor Level 2  
  126  13:08  Marine  
  126  13:09  Marine  
  128  13:13  Marine  
  128  13:15  Medivac  
  128  13:16  Medivac  
  133  13:24  Marine  
  133  13:25  Marine x3  
  133  13:26  Siege Tank  
  140  13:27  Marine  
  141  13:38  Terran Infantry Weapons Level 3  
  141  13:42  Terran Vehicle Weapons Level 2  
  141  13:47  Supply Depot  
  141  13:48  Supply Depot  
  141  13:49  Supply Depot  
  141  14:07  Command Center  
  141  14:09  Medivac x2, Marine x8  
  149  14:17  Siege Tank  
  149  14:22  Siege Tank  
  154  14:26  Marine x3  
  157  14:31  Marine  
  157  14:32  Marine x2  
  157  14:35  Marine  
  157  14:36  Marine  
  160  14:41  Medivac x2  
  160  14:44  Marine x3  
  161  14:49  Marine  
  161  14:50  Marine x2  
  164  14:53  Marine  
  164  14:55  Siege Tank  
  164  14:59  Marine  
  164  15:02  Marine  
  164  15:04  Marine x2  
  161  15:08  Marine x2  
  161  15:09  Marine  
  161  15:11  Marine  
  162  15:19  Marine  
  162  15:20  Marine  
  164  15:21  Marine x2  
  164  15:26  Marine  
  167  15:29  Marine  
  168  15:45  Orbital Command  
  168  16:08  Marine  
  169  16:34  Marine x3  
Tags
 
Add a new tag
Caveats
  • Supply blocks, unpowered buildings, or Contaminate may cause inaccurate times.
  • Supply counts are checked every 10 seconds.